 Dungeon Crawl Stone Soup version 0.23-a0-612-gcb482e9 (webtiles) character file.

62534 Mgcat the Severer (level 15, -8/132 HPs)
             Began as a Hill Orc Gladiator on Dec 21, 2018.
             Was a High Priest of Trog.
             Mangled by an orange demon (9 damage)
             ... summoned by an orc high priest
             ... on level 1 of the Orcish Mines.
             The game lasted 00:53:42 (23529 turns).

Mgcat the Severer (Hill Orc Gladiator)             Turns: 23529, Time: 00:53:43

Health: -8/132     AC: 16    Str: 24    XL:     15   Next: 6%
Magic:  23/23      EV:  9    Int: 11    God:    Trog [*****.]
Gold:   1291       SH:  0    Dex: 12    Spells: 14/14 levels left

rFire    + + +     SeeInvis .   l - +0 battleaxe (flame)
rCold    . . .     Gourm    .   (shield currently unavailable)
rNeg     + + .     Faith    .   P - +3 plate armour {rN+}
rPois    +         Spirit   .   c - +1 helmet
rElec    .         Reflect  .   b - scarf {repulsion}
rCorr    .         Harm     .   i - +1 pair of gloves
MR       ++...                  z - +2 pair of boots
Stlth    ..........             (no amulet)
HPRegen  0.32/turn              w - ring "Xouxzoupri" {*Slow rPois rF+ MR+ Int+3}
MPRegen  0.18/turn              a - ring "Xaizob" {*Slow rF++ rN+}

@: corroded, berserk cooldown, slowed, heavily drained, repel missiles, very
slow
A: no striking features
a: Berserk, Trog's Hand, Brothers in Arms, Renounce Religion


You were on level 1 of the Orcish Mines.
You worshipped Trog.
Trog was extremely pleased with you.
You were not hungry.

You visited 4 branches of the dungeon, and saw 19 of its levels.
You also visited: Ice Cave and Volcano.

You collected 1585 gold pieces.
You spent 294 gold pieces at shops.

Inventory:

Hand Weapons
 l - a +0 battleaxe of flaming (weapon)
   (You found it in a volcano)
Missiles
 d - 5 throwing nets {=f, !d}
 n - 6 tomahawks of dispersal {=f}
Armour
 b - a scarf of repulsion (worn)
   (You bought it in a shop on level 5 of the Dungeon)
 c - a +1 helmet (worn)
 i - a +1 pair of gloves (worn)
   (You found it on level 4 of the Lair of Beasts)
 z - a +2 pair of boots (worn)
   (You found it on level 9 of the Dungeon)
 P - a +3 plate armour of positive energy (worn)
   (You found it in an ice cave)
 Q - a +3 scale mail of magic resistance
   (You found it in an ice cave)
Jewellery
 a - the ring "Xaizob" (right hand) {*Slow rF++ rN+}
   (You found it on level 9 of the Dungeon)

   [ring of positive energy]

   It greatly protects you from fire.
   It protects you from negative energy.
   It may slow you when you take damage.
 m - a +3 ring of strength
   (You found it on level 5 of the Dungeon)
 u - an uncursed ring of resist corrosion
   (You found it on level 6 of the Dungeon)
 w - the ring "Xouxzoupri" (left hand) {*Slow rPois rF+ MR+ Int+3}
   (You found it on level 8 of the Dungeon)

   [ring of intelligence]

   It affects your intelligence (+3).
   It protects you from fire.
   It protects you from poison.
   It affects your resistance to hostile enchantments.
   It may slow you when you take damage.
Wands
 j - a wand of disintegration (11)
   (You took it off Maurice on level 1 of the Orcish Mines)
 s - a wand of paralysis (13)
   (You found it on level 6 of the Dungeon)
 A - a wand of polymorph (13)
   (You found it on level 11 of the Dungeon)
 F - a wand of acid (4)
   (You found it on level 4 of the Lair of Beasts)
 G - a wand of clouds (12)
   (You found it on level 1 of the Lair of Beasts)
 K - a wand of iceblast (10)
   (You found it on level 1 of the Lair of Beasts)
Scrolls
 e - 13 scrolls of identify
 o - 2 scrolls of fog
 x - 8 scrolls of teleportation
 y - 8 scrolls of remove curse
 D - a scroll of enchant armour
 I - a scroll of holy word {!r}
Potions
 h - 2 potions of flight
 k - 9 potions of curing
 q - 4 potions of might
 r - 2 potions of resistance
 t - a potion of haste
 v - 2 potions of cancellation
 E - 6 potions of mutation {!q}
 J - a potion of invisibility
 N - a potion of magic
Miscellaneous
 C - a phantom mirror
Comestibles
 f - 23 rations
 g - 4 chunks of flesh {@w0}


   Skills:
 + Level 12.0(10.3) Fighting
 + Level 20.9(18.9) Axes
 + Level 5.7(4.2) Throwing
 + Level 8.4(6.9) Armour
 + Level 7.1(5.7) Dodging
 + Level 11.4(9.7) Evocations


You had 14 spell levels left.
You didn't know any spells.
Your spell library contained the following spells:

 Spells                   Type           Power        Failure   Level  Hunger
 Beastly Appendage        Tmut           #.....       99%         1    ##.....
 Corona                   Hex            #......      99%         1    ##.....
 Magic Dart               Conj           #...         99%         1    ##.....
 Blink                    Tloc           N/A          100%        2    ###....
 Call Imp                 Summ           #.......     100%        2    ###....
 Corpse Rot               Necr           N/A          100%        2    ###....
 Slow                     Hex            #.......     100%        2    ###....
 Sticks to Snakes         Tmut           #.......     100%        2    ###....
 Sublimation of Blood     Necr           #.........   100%        2    ###....
 Conjure Flame            Conj/Fire      #.......     100%        3    ####...
 Ignite Poison            Fire/Tmut/Pois #.......     100%        3    ####...
 Inner Flame              Hex/Fire       #.......     100%        3    ####...
 Mephitic Cloud           Conj/Pois/Air  #.......     100%        3    ####...
 Portal Projectile        Hex/Tloc       #.....       100%        3    ####...
 Spider Form              Tmut/Pois      #.........   100%        3    ####...
 Cause Fear               Hex            #.........   100%        4    #####..
 Ice Form                 Ice/Tmut       #.......     100%        4    #####..
 Leda's Liquefaction      Hex/Erth       #.........   100%        4    #####..
 Petrify                  Tmut/Erth      #.......     100%        4    #####..
 Agony                    Necr           #.......     100%        5    ######.
 Alistair's Intoxication  Tmut/Pois      #.......     100%        5    ######.
 Blade Hands              Tmut           #.........   100%        5    ######.
 Bolt of Draining         Conj/Necr      #.........   100%        5    ######.
 Dispel Undead            Necr           #.......     100%        5    ######.
 Excruciating Wounds      Chrm/Necr      #.........   100%        5    ######.
 Irradiate                Conj/Tmut      #.........   100%        5    ######.


Dungeon Overview and Level Annotations

Branches:
Dungeon (11/15)            Temple (1/1) D:4            Lair (6/6) D:8
 Shoals (0/4) Lair:2       Spider (0/4) Lair:4        Slime (0/5) Lair:5
    Orc (1/2) D:10

Altars:
Dithmenos
Elyvilon
Fedhas
Gozag
Kikubaaqudgha
Nemelex Xobeh
Qazlal
Ru
Trog
Uskayaw
Vehumet
Wu Jian
Xom
Yredelemnul
Zin
Beogh
Jiyva

Shops:
D:4 ?   D:5 [   D:6 *   D:7 (   D:10 *

Annotations:
D:4 3 runed doors, 1 exclusion, Blork the orc; Duffy's ghost, weakling NaGl; SaintRoka's ghost, amateur NaAE; Thaneod's ghost, novice DEIE; feelmyfire's ghost, amateur GrWr; gruber's ghost, amateur GnAr
Lair:5 1 runed door, Deicwiot's ghost, journeyman MiWn


Message History

Trog accepts your kill.
The orc warrior hits you but does no damage. x2
You slash the neqoxec! You burn the neqoxec.
The neqoxec is moderately wounded.
You hit the orc warrior. You burn the orc warrior.
The orc warrior hits you but does no damage.
The neqoxec gestures.
The orc warrior barely misses you.
You barely miss the orc warrior.
The orc warrior is severely wounded.
You slice the neqoxec!! You burn the neqoxec!
You kill the neqoxec!
The shadow imp disappears in a puff of smoke!
The orc warrior hits you but does no damage. x2
You closely miss the orc warrior.
The orc warrior is severely wounded.
The orc high priest utters an invocation to Beogh.
The orc warrior barely misses you.
You slice the orc warrior!! You burn the orc warrior.
You kill the orc warrior!
Trog accepts your kill.
The orc warrior hits you but does no damage.
The orc warrior hits you from afar with a +0 glaive.
You are no longer berserk.
You are exhausted.
You feel as though you will be slow longer.
The red devil hits you from afar with a +0 trident.
The orc high priest invokes the aid of Beogh against you.
Beogh smites you!
The orc warrior hits you with a +0 glaive.
Things that are here:
a +0 flail; an orc corpse The orc high priest shouts, "Surrender to Beogh and we'll let you live!"
You slash the orc warrior! You burn the orc warrior.
The orc warrior is severely wounded.
You hit the orc warrior but do no damage.
The red devil barely misses you.
The orc warrior hits you but does no damage.
The smoke demon gestures at you. Beogh smites you!
Unknown command.
Unknown command.
As you read the scroll of fear, it crumbles to dust.
You assume a fearsome visage.
The smoke demon is unaffected.
The red devil is unaffected.
The rust devil is unaffected.
The orc high priest looks frightened!
The orc warrior looks frightened! x2
The red devil barely misses you.
You see here 14 gold pieces.
The red devil closely misses you. The orc warrior misses you.
Things that are here:
a +0 glaive; a +0 plate armour; a warg corpse The orc warrior hits you but does no damage.
The red devil hits you but does no damage.
The smoke demon gestures at you. Beogh smites you!
* * * LOW HITPOINT WARNING * * *
The orc warrior hits you but does no damage.
The red devil hits you but does no damage.
The orc warrior gives up.
The rust devil hits you. The rust devil corrodes you!
The orc warrior barely misses you.
The orc high priest invokes the aid of Beogh against you.
Beogh smites you!
* * * LOW HITPOINT WARNING * * *
The orc warrior closely misses you. The rust devil hits you.
The rust devil corrodes you! The rust devil completely misses you.
The red devil disappears in a puff of smoke!
The rust devil closely misses you. The smoke demon gestures at you.
Beogh smites you!
* * * LOW HITPOINT WARNING * * *
The orc warrior hits you but does no damage.
The rust devil disappears in a puff of smoke!
The orc high priest mumbles some strange prayers to Beogh.
The orc warrior closely misses you. The smoke demon gestures at you.
Beogh smites you!
* * * LOW HITPOINT WARNING * * *
The orc warrior barely misses you.
You feel much better.
The orc warrior hits you with a +0 dire flail!
* * * LOW HITPOINT WARNING * * *
The orc high priest utters an invocation to Beogh.
The smoke demon hits you but does no damage. x2
The smoke demon barely misses you.
The orc warrior hits you with a +0 dire flail!
* * * LOW HITPOINT WARNING * * *
The smoke demon hits you but does no damage.
The smoke demon closely misses you. The smoke demon completely misses you.
The smoke demon disappears in a puff of smoke!
The orc high priest prays to Beogh.
The orc warrior hits you with a +0 dire flail!
* * * LOW HITPOINT WARNING * * *
As you read the scroll of fear, it crumbles to dust.
You assume a fearsome visage.
The chaos spawn is unaffected.
The ice devil is unaffected.
The orc warrior looks frightened!
The orange demon is unaffected.
The orc high priest looks frightened!
The orange demon barely misses you. The orange demon stings you from afar!
You die...

#### #..### ###.<.##
##......# #....@.####
####....o44..#
##.##....ยง.4..###
#..#.....o....#.## #
#....).......#..#
##.###.....####......###
#...........####.......#
##..........#..#...##.##
###.#...............#


You could see an orc high priest (fleeing), an orange demon, an ice devil, a
chaos spawn and an orc warrior (fleeing).

Vanquished Creatures
  5 dire elephants (Lair:6)
  A red draconian (Volcano)
  Snorg (Lair:6)
  A fire dragon (Lair:6)
  3 hydras
  A death knight (D:8)
  An anaconda (Lair:6)
  A centaur warrior (Volcano)
  13 death yaks
  A two-headed ogre (D:9)
  An obsidian statue (Volcano)
  Pikel (D:8)
  A necromancer (IceCv)
  An ugly thing (D:11)
  A cyclops (D:11)
  4 black mambas
  9 elephants
  A merfolk siren (Lair:2)
  Joseph (D:8)
  Maurice (Orc:1)
  2 ice statues (IceCv)
  12 spiny frogs
  7 komodo dragons
  15 rime drakes
  A yaktaur (Volcano)
  3 ice devils (IceCv)
  A queen bee (Lair:1)
  2 trolls
  A polar bear (Lair:5)
  A slime creature (D:8)
  2 hornets
  8 hippogriffs
  18 dream sheep
  A shadow (D:11)
  4 wyverns
  3 basilisks
  5 fire bats (Volcano)
  38 yaks
  6 steam dragons (Lair:6)
  2 wargs (Orc:1)
  8 porcupines
  11 water moccasins
  10 orc warriors
  2 black bears (D:6)
  2 sky beasts (D:7)
  A slave (D:8)
  9 ice beasts
  11 ogres
  A phantom (D:5)
  4 wolves
  9 centaurs
  6 crocodiles
  5 big kobolds (D:10)
  14 bullfrogs
  3 gnoll sergeants (D:10)
  3 scorpions
  A water moccasin skeleton (D:8)
  3 wights (D:7)
  3 howler monkeys
  2 vampire bats (Lair:4)
  An electric eel (D:8)
  A centaur zombie (D:7)
  A quasit (D:10)
  2 jellies (D:8)
  6 lava snakes (Volcano)
  5 orc wizards
  12 hounds
  5 orc priests
  4 iguanas
  A spriggan simulacrum (IceCv)
  12 worker ants
  A troll simulacrum (IceCv)
  A killer bee zombie (D:10)
  2 hound skeletons
  2 hound zombies
  2 worker ant zombies
  A howler monkey zombie (D:7)
  10 gnolls
  A howler monkey skeleton (D:11)
  14 adders
  5 naga simulacra (IceCv)
  3 ogre simulacra (IceCv)
  4 shadow imps
  4 worms
  2 dart slugs
  3 leopard geckos
  27 orcs
  9 bats
  11 giant cockroaches
  10 goblins
  8 hobgoblins
  18 jackals
  18 kobolds
  4 quokkas
  2 ball pythons (D:1)
  2 frilled lizards
  A leopard gecko skeleton (D:4)
  2 leopard gecko zombies
  A quokka skeleton (D:4)
  11 rats
  5 fungi
  9 plants
532 creatures vanquished.

Vanquished Creatures (collateral kills)
  A spiny frog (Lair:2)
  A basilisk (Lair:2)
  A scorpion (D:6)
3 creatures vanquished.

Vanquished Creatures (others)
  3 slaves (D:8)
  A centaur (D:8)
  2 electric eels (D:8)
  3 hounds (D:8)
  An orc wizard (D:8)
  A worker ant (D:8)
  An adder (D:8)
  2 orcs (D:8)
  A quokka (D:8)
  11 fungi
  6 plants
32 creatures vanquished.

Grand Total: 567 creatures vanquished

Notes
Turn   | Place    | Note
-------+----------+-------------------------------------------
     0 | D:1      | Mgcat the Hill Orc Gladiator began the quest for the Orb.
     0 | D:1      | Reached XP level 1. HP: 18/18 MP: 1/1
     4 | D:1      | Noticed a vine stalker
     6 | D:1      | Noticed a draconian
     6 | D:1      | Noticed a demonspawn
     8 | D:1      | Noticed a felid
     8 | D:1      | Noticed a vampire
    10 | D:1      | Noticed a human
    10 | D:1      | Noticed a gargoyle
    12 | D:1      | Noticed a halfling
    12 | D:1      | Noticed a centaur
    14 | D:1      | Noticed a troll
    14 | D:1      | Noticed an octopode
    17 | D:1      | Noticed a spriggan
    19 | D:1      | Noticed a tengu
    19 | D:1      | Noticed a dwarf
    21 | D:1      | Noticed a demigod
    21 | D:1      | Noticed a ghoul
    23 | D:1      | Noticed a minotaur
    23 | D:1      | Noticed a formicid
    25 | D:1      | Noticed a naga
    25 | D:1      | Noticed an ogre
    27 | D:1      | Noticed an elf
    27 | D:1      | Noticed a merfolk
   275 | D:1      | Reached XP level 2. HP: 25/25 MP: 2/2
   617 | D:1      | Reached skill level 1 in Armour
   941 | D:2      | Reached XP level 3. HP: 30/30 MP: 3/3
   946 | D:2      | Reached skill level 3 in Fighting
  1213 | D:2      | Found an ancient bone altar of Kikubaaqudgha.
  1286 | D:2      | Reached XP level 4. HP: 38/38 MP: 4/4
  1730 | D:3      | Reached skill level 2 in Armour
  1730 | D:3      | Reached skill level 3 in Dodging
  1759 | D:3      | Reached skill level 5 in Axes
  1782 | D:3      | Reached XP level 5. HP: 22/46 MP: 5/5
  2684 | D:4      | Found Umaomaot's Magic Scroll Shop.
  2717 | D:4      | Reached skill level 4 in Fighting
  2856 | D:4      | Bought a scroll of remove curse for 42 gold pieces
  2891 | D:4      | Found a staircase to the Ecumenical Temple.
  2891 | D:4      | Noticed an ogre
  2909 | D:4      | Killed an ogre
  2909 | D:4      | Reached skill level 3 in Armour
  2909 | D:4      | Reached XP level 6. HP: 21/53 MP: 6/6
  3068 | D:4      | You fall through a shaft!
  3068 | D:5      | Entered Level 5 of the Dungeon
  3133 | Temple   | Entered the Ecumenical Temple
  3165 | Temple   | Became a worshipper of Trog the Wrathful
  3241 | D:4      | Found a radiant altar of Vehumet.
  3448 | D:4      | Found a runed gate.
  3448 | D:4      | Found a runed gate.
  3448 | D:4      | Found a runed gate.
  3448 | D:4      | Noticed Thaneod's ghost (novice DEIE)
  3448 | D:4      | Noticed feelmyfire's ghost (amateur GrWr)
  3448 | D:4      | Noticed Duffy's ghost (weakling NaGl)
  3449 | D:4      | Noticed SaintRoka's ghost (amateur NaAE)
  3449 | D:4      | Noticed gruber's ghost (amateur GnAr)
  3572 | D:4      | Reached skill level 6 in Axes
  3755 | D:4      | Noticed Blork the orc
  3808 | D:4      | Reached XP level 7. HP: 54/60 MP: 7/7
  3958 | D:5      | HP: 17/90 [orc priest/divine providence (12)]
  3968 | D:5      | Reached skill level 5 in Fighting
  4104 | D:5      | Reached skill level 4 in Armour
  4104 | D:5      | Reached skill level 4 in Dodging
  4309 | D:5      | Found a sacrificial altar of Ru.
  4311 | D:5      | Found a sparkling altar of Nemelex Xobeh.
  4317 | D:5      | Found a shimmering altar of Xom.
  4353 | D:5      | Found Zierph's Armour Shop.
  4361 | D:5      | Bought a scarf of repulsion for 180 gold pieces
  4449 | D:5      | Reached * piety under Trog
  4449 | D:5      | Reached skill level 7 in Axes
  4449 | D:5      | Reached XP level 8. HP: 39/68 MP: 8/8
  5076 | D:6      | Reached skill level 5 in Armour
  5135 | D:6      | Found an ornate altar of the Wu Jian Council.
  5215 | D:6      | Reached skill level 5 in Dodging
  5237 | D:6      | Reached skill level 8 in Axes
  5237 | D:6      | Reached skill level 1 in Evocations
  5305 | D:6      | Found Finniw's General Store.
  5325 | D:6      | Reached skill level 2 in Evocations
  6090 | D:7      | Reached skill level 9 in Axes
  6090 | D:7      | Reached skill level 3 in Evocations
  6205 | D:7      | Reached XP level 9. HP: 50/74 MP: 11/11
  6289 | D:7      | Reached skill level 4 in Evocations
  6649 | D:7      | Found Jacsim's Weapon Boutique.
  6757 | D:7      | Reached skill level 10 in Axes
  6767 | D:7      | Reached ** piety under Trog
  6788 | D:7      | Reached skill level 5 in Evocations
  7046 | D:8      | Noticed Pikel
  7059 | D:8      | Killed Pikel
  7059 | D:8      | Reached skill level 11 in Axes
  7108 | D:8      | Noticed a hornet
  7119 | D:8      | Killed a hornet
  7119 | D:8      | Reached skill level 12 in Axes
  7465 | D:8      | Noticed Joseph
  7485 | D:8      | Killed Joseph
  7485 | D:8      | Reached skill level 13 in Axes
  7485 | D:8      | Reached XP level 10. HP: 81/81 MP: 13/13
  7795 | D:8      | Found a staircase to the Lair.
  8109 | D:8      | Noticed a death knight
  8537 | D:9      | Got a scintillating pewter ring
  8539 | D:9      | Identified the ring "Xaizob" {*Slow rF++ rN+} (You found it
                  | on level 9 of the Dungeon)
  8576 | D:9      | Reached skill level 14 in Axes
  8926 | D:9      | Noticed a two-headed ogre
  8931 | D:9      | Killed a two-headed ogre
  9017 | D:9      | Found a glowing silver altar of Zin.
  9274 | D:8      | Reached skill level 6 in Fighting
  9276 | D:8      | Noticed a seven-headed hydra
  9350 | D:10     | Entered Level 10 of the Dungeon
  9534 | D:10     | Found a staircase to the Orcish Mines.
  9542 | D:10     | Reached skill level 6 in Evocations
  9548 | D:10     | Reached *** piety under Trog
  9555 | D:10     | HP: 19/84 [troll (5)]
  9557 | D:10     | HP: 3/84 [troll (10)]
 10095 | D:10     | Paralysed by a hornet for 1 turns
 10099 | D:10     | Reached skill level 7 in Fighting
 10407 | D:10     | Found Ocoskiu's Assorted Antiques.
 10415 | D:10     | Bought a brown potion for 22 gold pieces
 10415 | D:10     | Bought 2 scrolls labeled VOZELL TINYISHUPI for 50 gold
                  | pieces
 10442 | D:10     | Reached XP level 11. HP: 67/92 MP: 15/15
 10666 | D:10     | HP: 20/138 [orc warrior/+0 flail (19)]
 10668 | D:10     | Reached skill level 15 in Axes
 11147 | D:10     | Reached skill level 7 in Evocations
 11541 | D:11     | Noticed a cyclops
 11549 | D:11     | HP: 17/139 [cyclops (28)]
 11550 | D:11     | Killed a cyclops
 11875 | D:11     | Noticed a red ugly thing
 11882 | D:11     | Killed a red ugly thing
 11882 | D:11     | Reached skill level 8 in Fighting
 12197 | D:11     | Found a shadowy altar of Dithmenos.
 12323 | D:11     | Reached **** piety under Trog
 12623 | Lair:1   | Entered Level 1 of the Lair of Beasts
 12625 | Lair:1   | Noticed Sonja
 12630 | Lair:1   | Noticed Sonja
 12630 | Lair:1   | Sonja changed into Sonja the queen bee
 12640 | Lair:1   | Killed Sonja the queen bee
 12796 | Lair:1   | Reached skill level 9 in Fighting
 12796 | Lair:1   | Reached skill level 8 in Evocations
 12800 | Lair:1   | HP: 10/97 [spiny frog (16)]
 13242 | Lair:1   | HP: 17/97 [porcupine (8)]
 13247 | Lair:1   | HP: 20/97 [poisoned by a spiny frog]
 13255 | Lair:1   | Reached skill level 16 in Axes
 13933 | Lair:2   | Reached XP level 12. HP: 90/106 MP: 18/18
 14024 | Lair:2   | Reached skill level 10 in Fighting
 14027 | Lair:2   | Reached skill level 9 in Evocations
 14131 | Lair:2   | Found a staircase to the Shoals.
 15340 | Lair:3   | Reached skill level 17 in Axes
 15559 | Lair:3   | Reached skill level 10 in Evocations
 15910 | Lair:4   | Found a frozen archway.
 15910 | Lair:4   | Noticed a five-headed hydra
 15915 | Lair:4   | Killed an eight-headed hydra
 15970 | IceCv    | Entered an ice cave
 16032 | IceCv    | Reached skill level 18 in Axes
 17127 | IceCv    | Got a shimmering dagger
 17404 | Lair:4   | Reached XP level 13. HP: 85/113 MP: 20/20
 17410 | Lair:4   | Reached skill level 19 in Axes
 17569 | Lair:4   | Reached ***** piety under Trog
 17570 | Lair:4   | Found a hole to the Spider Nest.
 18695 | Lair:5   | Reached skill level 20 in Axes
 18729 | Lair:5   | Found a runed door.
 18731 | Lair:5   | Found a shimmering altar of Xom.
 18731 | Lair:5   | Noticed Deicwiot's ghost (journeyman MiWn)
 18867 | Lair:5   | Found a staircase to the Slime Pits.
 18867 | Lair:5   | Found a viscous altar of Jiyva.
 18877 | Lair:5   | Reached skill level 2 in Throwing
 19369 | Lair:6   | Entered Level 6 of the Lair of Beasts
 19794 | Lair:6   | Reached skill level 3 in Throwing
 19794 | Lair:6   | Reached skill level 6 in Armour
 19950 | Lair:6   | Found a dark tunnel.
 19955 | Volcano  | Entered a volcano
 20202 | Volcano  | Noticed a red draconian
 20219 | Volcano  | Killed a red draconian
 20264 | Volcano  | Found a radiant altar of Vehumet.
 20271 | Volcano  | Reached XP level 14. HP: 77/122 MP: 21/21
 20451 | Volcano  | Reached skill level 6 in Dodging
 20523 | Lair:6   | Reached skill level 11 in Fighting
 20523 | Lair:6   | Reached skill level 4 in Throwing
 20524 | Lair:6   | Reached skill level 7 in Armour
 20529 | Lair:6   | Received a gift from Trog
 20880 | Lair:6   | Noticed Snorg
 20895 | Lair:6   | Killed Snorg
 21235 | Lair:6   | Reached skill level 11 in Evocations
 21441 | Lair:6   | Reached skill level 5 in Throwing
 22086 | Lair:6   | Noticed a dire elephant
 22094 | Lair:6   | Killed a dire elephant
 22094 | Lair:6   | Reached skill level 8 in Armour
 22134 | Lair:6   | Noticed a dire elephant
 22139 | Lair:6   | Killed a dire elephant
 22217 | Lair:6   | Noticed a dire elephant
 22217 | Lair:6   | Noticed a dire elephant
 22229 | Lair:6   | Killed a dire elephant
 22235 | Lair:6   | Killed a dire elephant
 22235 | Lair:6   | Reached skill level 7 in Dodging
 22306 | Lair:6   | Got a crystal broad axe
 22307 | Lair:6   | Identified the +5 broad axe "Xusche" {protect, rC+ MR+}
                  | (You found it on level 6 of the Lair of Beasts)
 22432 | Lair:6   | Noticed a dire elephant
 22443 | Lair:6   | Killed a dire elephant
 22653 | D:8      | Reached XP level 15. HP: 132/132 MP: 23/23
 23121 | D:8      | Reached skill level 12 in Fighting
 23314 | D:8      | Got a fine platinum amulet
 23317 | D:8      | Got a glittering marble ring
 23324 | D:8      | Got a slimy golden ring
 23327 | D:8      | Got a fine copper ring
 23328 | D:8      | Identified the amulet "Rihum" {Harm *Drain rC+ rN+ Stlth+}
                  | (You found it on level 8 of the Dungeon)
 23332 | D:8      | Identified the ring of Okawaru's Vengeance {rPois EV+3
                  | Int+3 Slay-3} (You found it on level 8 of the Dungeon)
 23334 | D:8      | Identified the ring of Cejenif {*Tele rElec rC+} (You found
                  | it on level 8 of the Dungeon)
 23338 | D:8      | Identified the ring "Xouxzoupri" {*Slow rPois rF+ MR+
                  | Int+3} (You found it on level 8 of the Dungeon)
 23413 | Orc:1    | Entered Level 1 of the Orcish Mines
 23434 | Orc:1    | Noticed Maurice
 23440 | Orc:1    | Killed Maurice
 23489 | Orc:1    | Found a roughly hewn altar of Beogh.
 23515 | Orc:1    | HP: 30/132 [orc high priest/divine providence (12)]
 23523 | Orc:1    | HP: 9/132 [smoke demon/divine providence[an orc high
                  | priest] (10)]
 23528 | Orc:1    | HP: 1/132 [orc warrior/+0 dire flail (12)]
 23529 | Orc:1    | Mangled by an orange demon

Vault maps used:
D:1:      kb_arrival_jail, minmay_tromino_i4
D:2:      overflow_temple_1_default, first_ration
D:3:      minmay_fractal_squares_diagonal_5
D:4:      tgw_sif, minmay_temple_entry_stoned_glass, serial_shops, shop,
          gammafunk_ghost_cemetery, vehumet_altar_wand_db
D:5:      nicolae_overflow_hidden_temple, serial_shops, shop, xom_teletrap_fun
D:6:      lemuel_coloured_pillars_altar, serial_park, serial_park_square2,
          serial_shops, shop, grunt_ministairs_6
D:7:      serial_shops, nicolae_shop_waterfront
D:8:      minmay_the_grid_triangle_9x9_rhombus_thin, erik_lair_island,
          uniq_pikel, uniq_joseph
D:9:      zin_treasury
D:10:     kennysheep_orc_monster_closet_entryway, serial_shops, shop_coins,
          grunt_ogre_cave
D:11:     nicolae_dithmenos_the_darkroom
Temple:   eino_temple_scatter_basement
Lair:1:   infiniplex_staircase_pool, grunt_megastairs_2, lemuel_fruit_tree,
          serial_bayou_shore_a, uniq_sonja
Lair:2:   minmay_shoals_entry_lonely_mermaid, serial_forest,
          infiniplex_forest_lined_room_3, infiniplex_forest_corner_1,
          infiniplex_forest_clump_cross, infiniplex_forest_straight_2,
          infiniplex_forest_diagonal, infiniplex_forest_clump_medium,
          hangedman_lair_generics_rect
Lair:4:   nicolae_spider_entry_non_spiders, portal_ice_cave_entry_ice_beasts,
          roderic_batcave, chequers_serial_rivers_large_a, beast_lair_carwin_8
Lair:5:   slime_altar_1, ebering_ghost_xom, beast_lair_carwin_7,
          grunt_megastairs_5
Lair:6:   due_jungle_book, enter_volcano_4, bobbens_dragon_lair_wall, uniq_snorg
Orc:1:    basic_altar, uniq_maurice
IceCv:    ice_cave_tombish
Volcano:  volcano_grotto

Skill      XL: |  1  2  3  4  5  6  7  8  9 10 11 12 13 14 15 |
---------------+----------------------------------------------+-----
Armour         | 1 2 3 4 5 6 8 |  8.4
Fighting       | 3 4 5 7 9 10 11 12 | 12.0
Dodging        | 3 4 5 7 |  7.1
Axes           | 5 6 7 9 13 14 16 18 20 | 20.9
Evocations     | 3 5 6 8 10 11 | 11.4
Throwing       | 3 5 |  5.7

Action                   |  1- 3 |  4- 6 |  7- 9 | 10-12 | 13-15 || total
-------------------------+-------+-------+-------+-------+-------++-------
Melee: War axe           |    11 |    98 |   227 |       |       ||   336
       Hand axe          |   136 |   128 |       |       |       ||   264
       Battleaxe         |       |       |    98 |   615 |   635 ||  1348
Invok: Berserk           |       |       |     6 |    19 |    14 ||    39
       Trog's Hand       |       |       |       |     1 |     2 ||     3
       Brothers in Arms  |       |       |       |     1 |       ||     1
Evoke: Wand              |       |       |     2 |    13 |     3 ||    18
  Use: Scroll            |     5 |     6 |     7 |    15 |     9 ||    42
       Potion            |     1 |     4 |     3 |     5 |     2 ||    15
 Stab: Sleeping          |     1 |       |       |       |       ||     1
       Paralysed         |       |       |       |     6 |       ||     6
       Distracted        |       |       |       |     1 |       ||     1
  Eat: Chunk             |     1 |     9 |    13 |    33 |    21 ||    77
       Ration            |       |       |     1 |     5 |     4 ||    10
Armor: Leather armour    |     9 |       |       |       |       ||     9
       Chain mail        |    51 |   146 |     3 |       |       ||   200
       Skin              |     9 |     2 |    18 |       |       ||    29
       Scale mail        |       |       |   124 |   207 |       ||   331
       Plate armour      |       |       |       |    20 |   312 ||   332
Dodge: Dodged            |    67 |    85 |   176 |   360 |   245 ||   933
       Deflected         |       |       |     6 |     7 |    12 ||    25
Block: Buckler           |       |    11 |    30 |       |       ||    41

Table legend:
 A = Non-vault XP
 B = Vault XP
 C = Vault XP percentage of total XP
 D = Non-vault monster count
 E = Vault monster count
 F = Vault count percentage of total count
                 A         B        C        D         E       F
            +---------+---------+-------+---------+---------+-------
      Total |   54810 |   34525 |  38.6 |     364 |     156 |  30.0
            +---------+---------+-------+---------+---------+-------
        D:1 |      26 |       7 |  21.2 |      15 |       4 |  21.1
        D:2 |      63 |       0 |   0.0 |      25 |       0 |   0.0
        D:3 |     125 |      25 |  16.7 |      17 |       5 |  22.7
        D:4 |     406 |       2 |   0.5 |      19 |       1 |   5.0
        D:5 |     653 |       0 |   0.0 |      20 |       0 |   0.0
        D:6 |     702 |     116 |  14.2 |      18 |       1 |   5.3
        D:7 |     990 |      45 |   4.3 |      22 |       1 |   4.3
        D:8 |     787 |    4518 |  85.2 |      17 |      17 |  50.0
        D:9 |    1476 |       0 |   0.0 |      14 |       0 |   0.0
       D:10 |    1214 |    1634 |  57.4 |      24 |      18 |  42.9
       D:11 |    2571 |       0 |   0.0 |      25 |       0 |   0.0
     Lair:1 |    4065 |     893 |  18.0 |      24 |       3 |  11.1
     Lair:2 |    3923 |    1759 |  31.0 |      18 |       7 |  28.0
     Lair:3 |    1842 |       0 |   0.0 |      10 |       0 |   0.0
     Lair:4 |    4722 |    4252 |  47.4 |      15 |      31 |  67.4
     Lair:5 |    2998 |    2217 |  42.5 |      12 |       8 |  40.0
     Lair:6 |   27252 |   11246 |  29.2 |      57 |      26 |  31.3
      Orc:1 |     995 |     445 |  30.9 |      12 |       1 |   7.7
      IceCv |       0 |    2741 | 100.0 |       0 |      16 | 100.0
    Volcano |       0 |    4625 | 100.0 |       0 |      17 | 100.0
            +---------+---------+-------+---------+---------+-------

Vault maps used:
D:1:      kb_arrival_jail, minmay_tromino_i4
D:2:      overflow_temple_1_default, first_ration
D:3:      minmay_fractal_squares_diagonal_5
D:4:      tgw_sif, minmay_temple_entry_stoned_glass, serial_shops, shop,
          gammafunk_ghost_cemetery, vehumet_altar_wand_db
D:5:      nicolae_overflow_hidden_temple, serial_shops, shop, xom_teletrap_fun
D:6:      lemuel_coloured_pillars_altar, serial_park, serial_park_square2,
          serial_shops, shop, grunt_ministairs_6
D:7:      serial_shops, nicolae_shop_waterfront
D:8:      minmay_the_grid_triangle_9x9_rhombus_thin, erik_lair_island,
          uniq_pikel, uniq_joseph
D:9:      zin_treasury
D:10:     kennysheep_orc_monster_closet_entryway, serial_shops, shop_coins,
          grunt_ogre_cave
D:11:     nicolae_dithmenos_the_darkroom
Temple:   eino_temple_scatter_basement
Lair:1:   infiniplex_staircase_pool, grunt_megastairs_2, lemuel_fruit_tree,
          serial_bayou_shore_a, uniq_sonja
Lair:2:   minmay_shoals_entry_lonely_mermaid, serial_forest,
          infiniplex_forest_lined_room_3, infiniplex_forest_corner_1,
          infiniplex_forest_clump_cross, infiniplex_forest_straight_2,
          infiniplex_forest_diagonal, infiniplex_forest_clump_medium,
          hangedman_lair_generics_rect
Lair:4:   nicolae_spider_entry_non_spiders, portal_ice_cave_entry_ice_beasts,
          roderic_batcave, chequers_serial_rivers_large_a, beast_lair_carwin_8
Lair:5:   slime_altar_1, ebering_ghost_xom, beast_lair_carwin_7,
          grunt_megastairs_5
Lair:6:   due_jungle_book, enter_volcano_4, bobbens_dragon_lair_wall, uniq_snorg
Orc:1:    basic_altar, uniq_maurice
IceCv:    ice_cave_tombish
Volcano:  volcano_grotto

Table legend:
 A = Turns spent in this place as a percentage of turns spent in the entire game.
 B = Non-inter-level travel turns spent in this place as a percentage of non-inter-level travel turns spent in the entire game.
 C = Inter-level travel turns spent in this place as a percentage of turns spent in this place.
 D = Turns resting spent in this place as a percentage of non-inter-level travel turns spent in this place.
 E = Turns spent auto-exploring this place as a percentage of non-inter-level travel turns spent in this place.
 F = Non-inter-level travel turns spent in this place divided by the number of levels of this place that you've seen.
                   A       B       C       D       E      F
               +-------+-------+-------+-------+-------+----------------------
         Total | 100.0 | 100.0 |   5.5 |  20.8 |  60.1 | 1058.5
       Dungeon |  56.7 |  56.1 |   6.4 |  13.9 |  69.0 | 1134.0
        Temple |   0.3 |   0.2 |  50.7 |   0.0 |  80.6 |  36.0
          Lair |  35.0 |  35.2 |   4.9 |  22.2 |  58.1 | 1303.8
  Orcish Mines |   0.5 |   0.5 |   0.9 |   0.0 |  30.4 | 115.0
      Ice Cave |   5.3 |   5.6 |   0.0 |  72.2 |   4.6 | 1246.0
       Volcano |   2.3 |   2.4 |   0.0 |  47.4 |  16.7 | 534.0
               +-------+-------+-------+-------+-------+----------------------

Table legend:
 A = Kills in this place as a percentage of kills in entire the game.
 B = Kills by you in this place as a percentage of kills by you in the entire game.
 C = Kills by friends in this place as a percentage of kills by friends in the entire game.
 D = Other kills in this place as a percentage of other kills in the entire game.
 E = Experience gained in this place as a percentage of experience gained in the entire game.
 F = Experience gained in this place divided by the number of levels of this place that you have seen.
                   A       B       C       D       E      F
               +-------+-------+-------+-------+-------+----------------------
         Total | 100.0 | 100.0 | 100.0 |   N/A | 100.0 | 4254.0
       Dungeon |  50.6 |  50.7 |  33.3 |   N/A |  17.2 | 1396.4
          Lair |  40.6 |  40.4 |  66.7 |   N/A |  72.9 | 10861.5
  Orcish Mines |   2.5 |   2.5 |   0.0 |   N/A |   1.6 | 1440.0
      Ice Cave |   3.1 |   3.1 |   0.0 |   N/A |   3.1 | 2741.0
       Volcano |   3.3 |   3.3 |   0.0 |   N/A |   5.2 | 4625.0
               +-------+-------+-------+-------+-------+----------------------
